 Dungeon Crawl Stone Soup version 0.30.1-11-g7821555f0a (webtiles) character file.

Game seed: 17315199815857335073

454 groovy9 the Chopper (level 6, 56/56 HPs)
             Began as a Minotaur Berserker on May 22, 2023.
             Was a Priest of Trog.
             Quit the game on level 5 of the Dungeon on Jan 9, 2024.
             The game lasted 00:23:46 (4039 turns).

groovy9 the Chopper (Minotaur Berserker)            Turns: 4039, Time: 00:23:46

Health: 56/56      AC:  8    Str: 29    XL:     6   Next: 76%
Magic:  5/5        EV: 12    Int:  4    God:    Trog [***...]
Gold:   242        SH:  0    Dex: 10    Spells: 5/5 levels left

rFire   . . .        a - +1 hand axe
rCold   . . .        (no shield)
rNeg    . . .        d - +3 leather armour
rPois   +            (helmet restricted)
rElec   .            p - +0 cloak
rCorr   .            n - +0 pair of gloves
SInv    .            (no boots)
Will    .....        (no amulet)
Stlth   +            s - +6 ring of strength
HPRegen 0.29/turn    m - ring of poison resistance
MPRegen 0.09/turn

%: no passive effects
@: no status effects
A: horns 2, retaliatory headbutt
a: Renounce Religion, Berserk, Trog's Hand


You were on level 5 of the Dungeon.
You worshipped Trog.
Trog was most pleased with you.
You visited 1 branch of the dungeon, and saw 5 of its levels.

You collected 327 gold pieces.
You spent 85 gold pieces at shops.

Inventory:

Hand Weapons
 a - a +1 hand axe (weapon)
 h - a +2 short sword of protection
Missiles
 g - 29 stones (quivered)
Armour
 d - a +3 leather armour (worn)
 n - a +0 pair of gloves (worn)
 p - a +0 cloak (worn)
Jewellery
 m - a ring of poison resistance (right hand)
 s - a +6 ring of strength (left hand)
Scrolls
 e - 4 scrolls of teleportation
 f - a scroll of torment {unknown}
 l - a scroll of enchant armour {unknown}
 o - a scroll of identify {unknown}
 q - 2 scrolls of fear
Potions
 b - 2 potions of mutation {unknown}
 c - 4 potions of curing
 i - a potion of degeneration
 j - a potion of might
 k - a potion of ambrosia


   Skills:
 + Level 5.5 Fighting
 + Level 7.4 Axes
 + Level 3.8 Armour
 - Level 2.8 Dodging


You had 5 spell levels left.
You didn't know any spells.
Your spell library contained the following spells:

 Spells                   Type           Power      Damage    Failure   Level
 Kiss of Death            Conj/Necr      0%         2d5       54%         1
 Slow                     Hex            0%         N/A       54%         1
 Confusing Touch          Hex            0%         N/A       88%         3
 Vampiric Draining        Necr           0%         2d6       88%         3
 Dispel Undead            Necr           0%         3d6       99%         4
 Summon Ice Beast         Ice/Summ       0%         N/A       99%         4
 Summon Forest            Summ/Tloc      0%         N/A       100%        5
 Summon Mana Viper        Hex/Summ       0%         N/A       100%        5
 Eringya's Noxious Bog    Tmut/Pois      0%         N/A       100%        6
 Monstrous Menagerie      Summ           0%         N/A       100%        7
 Summon Hydra             Summ           0%         N/A       100%        7


Dungeon Overview and Level Annotations

Branches:
Dungeon (5/15)
 Temple: D:4-7

Altars:
Xom

Shops:
D:1 !   D:3 *(=   D:5 [


Innate Abilities, Weirdness & Mutations

You have a pair of horns on your head.
You reflexively headbutt those who attack you in melee.


Message History

Found a stone staircase leading up.
o - a scroll labelled LEHUSAACIATH You hear the rapid rusting of a very distant drain.
There is an entrance to Soppoisk's Antique Armour Emporium here.
p - a +0 cloak Thank you for shopping at Soppoisk's Antique Armour Emporium!
You start putting on your armour.
You continue putting on your +0 cloak. x4
You finish putting on your +0 cloak.
You now have 242 gold pieces (gained 13).
You hear the drain falling apart.
The walls and floor vibrate strangely for a moment.
You see here a +0 flail.
There is an escape hatch in the ceiling here.
A kobold comes into view. It is wielding a +0 whip.
The kobold shouts!
You hear a shout! x5
A kobold comes into view. It is wielding a +0 whip.
The kobold barely misses you.
You hit the kobold.
The kobold is severely wounded.
The kobold closely misses you. You furiously retaliate!
You headbutt the kobold!
You kill the kobold!
Trog accepts your kill.
A kobold comes into view. It is wielding a +0 dagger.
The kobold shouts!
You hear a shout!
Things that are here:
a +0 whip; a kobold corpse Welcome back, groovy9 the Minotaur Berserker.
Trog says: Kill them all!
Press ? for a list of commands and other information.
The kobold attacks as you move away! The kobold hits you with a +0 dagger.
The kobold barely misses you. You furiously retaliate!
You headbutt the kobold!
You kill the kobold!
Trog accepts your kill.
Okay, then.
Unknown command.
Enter note:
Okay, then.
Okay, then.
Are you sure you want to abandon this character and quit the game? (Confirm with "yes".)

##.## #..# #.# #.## #..#
#.# P ♣..####..#####.######
K. ♣# ♣...................#
P.♣P #.####...##########..
♣.♣...##### #...# ###.....
#P..P♣P######...# #.......
♣P..P#........## #.#.####
#PP♣.♣...@.....####.#.#
####PP)..####.....##.#.####
#..###...# ##...#.##.#.....
#####..####<##
#......##.#####<
##..).........#
#......##.#####.
#.####..####..#
#......##.#..... #.#
##.####..# #....#..........
#.# #.......#
#.#.#.###..#.... #.#
#.#####.# #.##......###.##


There were no monsters in sight!

Vanquished Creatures
  A phantom (D:5)
  A scorpion (D:5)
  A howler monkey (D:5)
  A jelly (D:5)
  A gnoll bouda (D:5)
  A sleepcap (D:5)
  An iguana (D:5)
  An orc wizard (D:3)
  3 gnolls (D:5)
  3 adders
  A shadow imp (D:5)
  4 dart slugs
  8 orcs
  6 ball pythons
  4 endoplasms
  2 giant cockroaches
  5 goblins
  3 hobgoblins
  4 jackals (D:4)
  A quokka (D:1)
  8 bats
  3 frilled lizards
  10 kobolds
  4 rats
77 creatures vanquished.

Notes
Turn   | Place    | Note
-------+----------+-------------------------------------------
     0 | D:1      | groovy9 the Minotaur Berserker began the quest for the Orb.
     0 | D:1      | Reached XP level 1. HP: 19/19 MP: 0/0
   288 | D:1      | Found Nilom's Distillery.
   427 | D:1      | Reached skill level 4 in Axes
   427 | D:1      | Reached XP level 2. HP: 12/27 MP: 1/1
  1054 | D:2      | Reached XP level 3. HP: 33/33 MP: 2/2
  1257 | D:2      | Found a faded altar of an unknown god.
  1446 | D:2      | Found the +1 robe of Vines {NoPotionHeal Regen++++}
  1808 | D:3      | Reached ** piety under Trog
  2199 | D:3      | Reached XP level 4. HP: 30/41 MP: 3/3
  2202 | D:3      | Reached skill level 5 in Axes
  2294 | D:3      | Found Ivatroef's Assorted Antiques.
  2332 | D:3      | Found Wurphoquz's Weapon Shoppe.
  2706 | D:3      | Found Omuatir's Jewellery Boutique.
  3025 | D:4      | Reached *** piety under Trog
  3326 | D:5      | Entered Level 5 of the Dungeon
  3345 | D:5      | Noticed a phantom
  3364 | D:5      | Killed a phantom
  3365 | D:5      | Reached skill level 5 in Fighting
  3365 | D:5      | Reached skill level 6 in Axes
  3365 | D:5      | Reached XP level 5. HP: 39/48 MP: 4/4
  3567 | D:5      | Reached XP level 6. HP: 46/56 MP: 5/5
  3649 | D:5      | Found a shimmering altar of Xom.
  3655 | D:5      | Reached skill level 7 in Axes
  3949 | D:5      | Found Soppoisk's Antique Armour Emporium.
  3961 | D:5      | Bought a cloak for 85 gold pieces
  4034 | D:5      | Upgraded the game from 0.30.0-17-ge0270778cf to
                  | 0.30.1-11-g7821555f0a
  4039 | D:5      | Quit the game

Illustrated notes

Levels and vault maps discovered:
D:1:      dpeg_arrival_castle, layout_basic, serial_shops, shop, hex_tiny
D:2:      layout_basic, shapermc_ecumenical_altar_mp_vishouse, serial_rivers,
          chequers_serial_rivers_large_b, chequers_serial_rivers_small_3,
          chequers_serial_rivers_large_a, chequers_serial_rivers_room_b,
          chequers_serial_rivers_micro_c, chequers_serial_rivers_room_b
D:3:      cheibrodos_old_hovel, layout_loops_corners, serial_shops,
          nicolae_shop_back_alley_shop, nicolae_shop_bloodbath_and_beyond,
          nicolae_shop_temple_entry_statues_fountains
D:4:      layout_cave_pools, dk_noncrumbling_2
D:5:      kennysheep_kobold_camp, layout_loops_ring, xom_teletrap_fun,
          portal_sewer_entry_d, serial_shops, shop

Skill      XL: |  1  2  3  4  5  6 |
---------------+-------------------+-----
Axes           | 4 6 7 |  7.4
Fighting       | 4 5 |  5.5
Armour         | 3 |  3.8
Dodging        | |  2.8

Action                     |  1- 3 |  4- 6 || total
---------------------------+-------+-------++-------
  Melee: Hand axe          |    85 |    81 ||   166
         Headbutt          |    12 |    17 ||    29
         Punch             |       |     2 ||     2
    Use: Scroll            |     6 |     2 ||     8
         Potion            |     3 |     7 ||    10
 Armour: Animal skin       |     3 |       ||     3
         Leather armour    |    19 |    17 ||    36
  Dodge: Dodged            |    41 |    58 ||    99
